[Event "1000GM Schev-C January 2024"]
[Site "Sunnyvale"]
[Date "2024.01.20"]
[Round "1.1"]
[White "Pulijala, Akshaj"]
[Black "Maass Garza R, Gustavo"]
[Result "1-0"]
[ECO "D00"]
[WhiteElo "1597"]
[BlackElo "2025"]
[Annotator "NA RC"]
[PlyCount "39"]
[EventDate "2024.01.20"]
[EventType "schev"]
[EventCountry "USA"]
[SourceTitle "playchess.com"]
[Source "ChessBase"]
[SourceQuality "1"]
[TimeControl "5400+30"]

1. d4 Nf6 2. Nc3 d5 3. Bf4 c6 4. e3 Bf5 5. f3 e6 6. g4 Bg6 7. h4 h5 8. g5 Ng8 9. Bd3 Ne7 10. Nge2 Nd7 11. e4 a6 12. Bg3 Qb6 13. Qd2 c5 14. exd5 exd5 15. dxc5 Nxc5 16. Bxg6 Qxg6 17. O-O-O Rc8 18. Nf4 Qf5 19. Nfxd5 Nxd5 20. Nxd5 1-0

[Event "1000GM Schev-C January 2024"]
[Site "Sunnyvale"]
[Date "2024.01.20"]
[Round "1.2"]
[White "Qi, Jenny"]
[Black "Palmero Martinez, Rachel"]
[Result "0-1"]
[ECO "C88"]
[WhiteElo "1605"]
[BlackElo "2018"]
[Annotator "RC"]
[PlyCount "80"]
[EventDate "2024.01.20"]
[EventType "schev"]
[EventCountry "USA"]
[SourceTitle "playchess.com"]
[Source "ChessBase"]
[SourceQuality "1"]
[TimeControl "5400+30"]

1. e4 e5 2. Nf3 Nc6 3. Bb5 a6 4. Ba4 Nf6 5. O-O Be7 6. Re1 b5 7. Bb3 O-O 8. d3 Bb7 9. Nbd2 d5 10. exd5 Nxd5 11. Nxe5 Nxe5 12. Rxe5 Nf4 13. Nf3 Ng6 14. Re1 Bd6 15. Be3 c5 16. a4 Qf6 17. Ng5 Rae8 18. Qg4 h6 19. Ne4 Bxe4 20. dxe4 c4 21. Ba2 Qxb2 22. axb5 axb5 23. Qd1 Rd8 24. Qb1 Qe5 25. g3 Rfe8 26. f4 Qxe4 27. Qxb5 Qf3 28. Bb6 Rxe1+ 29. Rxe1 Bxf4 30. Qxc4 Ne5 31. Qe4 Rd2 32. Bxf7+ Kxf7 33. Qf5+ Kg8 34. Qe6+ Kh7 35. Qf5+ g6 36. Qe4 Rg2+ 37. Kh1 Rxc2+ 38. Qxf3 Nxf3 39. Re7+ Kg8 40. gxf4 Rxh2# 0-1

[Event "1000GM Schev-C January 2024"]
[Site "Sunnyvale"]
[Date "2024.01.20"]
[Round "1.3"]
[White "Yuan, Serena"]
[Black "Winslow, Elliott"]
[Result "0-1"]
[ECO "E68"]
[WhiteElo "1771"]
[BlackElo "1994"]
[Annotator "RC"]
[PlyCount "60"]
[EventDate "2024.01.20"]
[EventType "schev"]
[EventCountry "USA"]
[SourceTitle "playchess.com"]
[Source "ChessBase"]
[SourceQuality "1"]
[TimeControl "5400+30"]

1. d4 Nf6 2. Nf3 g6 3. g3 Bg7 4. Bg2 O-O 5. O-O d6 6. c4 Nbd7 7. Nc3 e5 8. e4 a6 9. h3 exd4 10. Nxd4 c5 11. Nde2 Ne5 12. b3 Rb8 13. a4 Nc6 14. Bf4 Ne8 15. Qd2 Be6 16. Rad1 Qb6 17. Qc2 Rd8 18. Rd2 h6 19. Rfd1 Nd4 20. Qd3 Qxb3 21. Rb1 Nxe2+ 22. Nxe2 Qxd3 23. Rxd3 Bxc4 24. Rd2 b5 25. axb5 axb5 26. Bf1 g5 27. Be3 Ra8 28. f4 Ra3 29. Bf2 Bd3 30. Rbd1 Bxe4 0-1

[Event "1000GM Schev-C January 2024"]
[Site "Sunnyvale"]
[Date "2024.01.20"]
[Round "1.4"]
[White "Palao, Adriana"]
[Black "Yang, Maxwell"]
[Result "0-1"]
[ECO "B92"]
[WhiteElo "1978"]
[BlackElo "1946"]
[Annotator "RC"]
[PlyCount "108"]
[EventDate "2024.01.20"]
[EventType "schev"]
[EventCountry "USA"]
[SourceTitle "playchess.com"]
[Source "ChessBase"]
[SourceQuality "1"]
[TimeControl "5400+30"]

1. e4 c5 2. Nf3 d6 3. d4 cxd4 4. Nxd4 Nf6 5. Nc3 a6 6. Be2 e5 7. Nb3 Be7 8. a4 O-O 9. a5 Be6 10. Be3 Nc6 11. Bb6 Qd7 12. Qd3 Rac8 13. Ra4 d5 14. Nc5 Bxc5 15. Bxc5 Rfd8 16. Bb6 d4 17. Bxd8 Nxd8 18. O-O dxc3 19. Qxd7 Bxd7 20. Rb4 cxb2 21. Rxb2 Nxe4 22. Re1 Nc5 23. Bf3 f6 24. Rd1 Be6 25. Rb6 Kf7 26. g4 e4 27. Be2 Na4 28. Rbd6 Ke7 29. R6d2 Nc3 30. Re1 Nc6 31. f3 Ne5 32. Kf2 Nxe2 33. Rdxe2 exf3 34. Rd2 Rc3 35. h3 h5 36. Rb1 Bc8 37. gxh5 Nc4 38. Rd5 Rxc2+ 39. Kg3 Ne5 40. Rdd1 Rg2+ 41. Kf4 Ra2 42. Rbc1 Bxh3 43. Rc7+ Bd7 44. Rxb7 Rxa5 45. Kg3 Ra4 46. Rh1 Rg4+ 47. Kf2 Rg2+ 48. Ke3 Re2+ 49. Kf4 f2 50. Kg3 Ke6 51. Rf1 Nd3 52. Rb6+ Ke5 53. Rb3 Re3+ 54. Kh2 Rh3+ 0-1

[Event "1000GM Schev-C January 2024"]
[Site "Sunnyvale"]
[Date "2024.01.20"]
[Round "1.5"]
[White "Vasquez Ramirez, Rocio"]
[Black "Zhuge, Katherine"]
[Result "1/2-1/2"]
[ECO "B12"]
[WhiteElo "1999"]
[BlackElo "1620"]
[Annotator "RC"]
[PlyCount "120"]
[EventDate "2024.01.20"]
[EventType "schev"]
[EventCountry "USA"]
[SourceTitle "playchess.com"]
[Source "ChessBase"]
[SourceQuality "1"]
[TimeControl "5400+30"]

1. e4 c6 2. d4 d5 3. e5 Bf5 4. c3 e6 5. Ne2 Ne7 6. b3 Nd7 7. Ba3 c5 8. dxc5 Nxe5 9. Nd4 Bg6 10. Bb5+ N7c6 11. f4 a6 12. Nxc6 Nxc6 13. Bd3 Qh4+ 14. g3 Qh3 15. Bxg6 hxg6 16. Nd2 d4 17. c4 Qg2 18. Qf3 Qxf3 19. Nxf3 a5 20. O-O-O Rd8 21. Ne1 Rh5 22. Nd3 b6 23. h3 bxc5 24. g4 Rh4 25. Bxc5 Bxc5 26. Nxc5 Ke7 27. Nd3 Rdh8 28. Nf2 f5 29. Rhe1 fxg4 30. hxg4 Rf8 31. Re4 Rf6 32. Rde1 Kf7 33. f5 gxf5 34. gxf5 Rxe4 35. Nxe4 Rh6 36. Ng5+ Kf6 37. Nxe6 Rh5 38. Rd1 Rxf5 39. Nxd4 Nxd4 40. Rxd4 g5 41. a3 Rf3 42. Kb2 Rg3 43. b4 axb4 44. axb4 g4 45. b5 Rg2+ 46. Kc3 g3 47. b6 Rg1 48. Rg4 Ke6 49. Rg6+ Kf7 50. Rg4 Ke6 51. c5 Kd5 52. Rb4 Rc1+ 53. Kd2 g2 54. Kxc1 g1=Q+ 55. Kb2 Qxc5 56. Kb3 Qe3+ 57. Ka4 Kc6 58. b7 Qa7+ 59. Kb3 Qxb7 60. Rxb7 Kxb7 1/2-1/2

[Event "1000GM Schev-C January 2024"]
[Site "Sunnyvale"]
[Date "2024.01.21"]
[Round "2.1"]
[White "Palmero Martinez, Rachel"]
[Black "Pulijala, Akshaj"]
[Result "0-1"]
[ECO "B33"]
[WhiteElo "2018"]
[BlackElo "1597"]
[Annotator "RC"]
[PlyCount "84"]
[EventDate "2024.01.20"]
[EventType "schev"]
[EventCountry "USA"]
[SourceTitle "playchess.com"]
[Source "ChessBase"]
[SourceQuality "1"]
[TimeControl "5400+30"]

1. e4 c5 2. Nf3 Nc6 3. d4 cxd4 4. Nxd4 Nf6 5. Nc3 e5 6. Ndb5 d6 7. Bg5 a6 8. Na3 b5 9. Nd5 Be7 10. Bxf6 Bxf6 11. c4 b4 12. Nc2 Rb8 13. b3 Bg5 14. g3 O-O 15. Bg2 f5 16. O-O Kh8 17. Qd3 f4 18. Rad1 Be6 19. Qe2 Qc8 20. Bf3 a5 21. Rd3 Ne7 22. h4 Bf6 23. Nxf6 Rxf6 24. Kh2 Qc5 25. Rfd1 Rbf8 26. Ne1 Nc6 27. Nc2 fxg3+ 28. fxg3 Bg4 29. Rf1 Nd4 30. Nxd4 exd4 31. Kg2 Qe5 32. Kh2 g5 33. hxg5 Qxg5 34. Kg2 h5 35. Kg1 Bh3 36. Re1 h4 37. g4 Rf4 38. Kh2 Bxg4 39. Rg1 Rxf3 40. Kh1 Qf4 41. e5 Rh3+ 42. Rxh3 Bxe2 0-1

[Event "1000GM Schev-C January 2024"]
[Site "Sunnyvale"]
[Date "2024.01.21"]
[Round "2.2"]
[White "Winslow, Elliott"]
[Black "Qi, Jenny"]
[Result "1-0"]
[ECO "E30"]
[WhiteElo "1994"]
[BlackElo "1605"]
[Annotator "RC"]
[PlyCount "81"]
[EventDate "2024.01.20"]
[EventType "schev"]
[EventCountry "USA"]
[SourceTitle "playchess.com"]
[Source "ChessBase"]
[SourceQuality "1"]
[TimeControl "5400+30"]

1. d4 Nf6 2. c4 Nc6 3. Nf3 e6 4. Bg5 Bb4+ 5. Nc3 h6 6. Bh4 g5 7. Bg3 Ne4 8. Qc2 d5 9. e3 h5 10. h4 Nxg3 11. fxg3 g4 12. cxd5 exd5 13. Ng1 Bf8 14. Nge2 Be6 15. Nf4 Qd7 16. Bb5 O-O-O 17. Na4 Bb4+ 18. Kf2 Bf5 19. Qb3 Be7 20. Rac1 Rh6 21. Nc5 Bxc5 22. Rxc5 Be4 23. Rhc1 Qe8 24. Qa4 Rdd6 25. Qxa7 Qd8 26. Bxc6 bxc6 27. Qa8+ Kd7 28. Qxd8+ Kxd8 29. b4 Ke8 30. a3 Kd8 31. Ke1 Ke8 32. Kd2 Kd8 33. a4 Bf5 34. b5 Bd7 35. bxc6 Bxc6 36. a5 Kc8 37. Nd3 Kb7 38. Nb4 Ba4 39. Rxc7+ Kb8 40. Rc8+ Kb7 41. R1c7# 1-0

[Event "1000GM Schev-C January 2024"]
[Site "Sunnyvale"]
[Date "2024.01.21"]
[Round "2.3"]
[White "Palao, Adriana"]
[Black "Yuan, Serena"]
[Result "1-0"]
[ECO "B15"]
[WhiteElo "1978"]
[BlackElo "1771"]
[Annotator "RC"]
[PlyCount "111"]
[EventDate "2024.01.20"]
[EventType "schev"]
[EventCountry "USA"]
[SourceTitle "playchess.com"]
[Source "ChessBase"]
[SourceQuality "1"]
[TimeControl "5400+30"]

1. e4 c6 2. Nc3 d5 3. Nf3 dxe4 4. Nxe4 Nf6 5. Nxf6+ exf6 6. d4 Bd6 7. Be3 O-O 8. Be2 Re8 9. c3 Nd7 10. O-O Qc7 11. Qd2 Nf8 12. c4 Bf5 13. d5 cxd5 14. cxd5 a6 15. Rac1 Qe7 16. Nd4 Be4 17. Bc4 Qe5 18. f4 Qh5 19. Ne2 Qg6 20. Ng3 b5 21. Be2 f5 22. Rc6 Qf6 23. Bf3 Qd8 24. Bxe4 fxe4 25. Nf5 Bb8 26. Rfc1 Qd7 27. Ng3 Ba7 28. d6 Bxe3+ 29. Qxe3 Qa7 30. Qxa7 Rxa7 31. Re1 Nd7 32. Rxe4 Rxe4 33. Nxe4 Ra8 34. Rc7 Rd8 35. Nc5 Nxc5 36. Rxc5 g6 37. Rc6 a5 38. Kf2 Kg7 39. Ke3 Kf6 40. Kd4 Ke6 41. Kc5 b4 42. Kb5 Rxd6 43. Rxd6+ Kxd6 44. Kxa5 Kc5 45. b3 f6 46. g4 f5 47. gxf5 gxf5 48. Ka4 h5 49. h4 Kd4 50. Kxb4 Ke4 51. a4 Kxf4 52. a5 Ke3 53. a6 f4 54. a7 f3 55. a8=Q f2 56. Qa6 1-0

[Event "1000GM Schev-C January 2024"]
[Site "Sunnyvale"]
[Date "2024.01.21"]
[Round "2.4"]
[White "Yang, Maxwell"]
[Black "Vasquez Ramirez, Rocio"]
[Result "1/2-1/2"]
[ECO "D37"]
[WhiteElo "1946"]
[BlackElo "1999"]
[Annotator "NA RC"]
[PlyCount "224"]
[EventDate "2024.01.20"]
[EventType "schev"]
[EventCountry "USA"]
[SourceTitle "playchess.com"]
[Source "ChessBase"]
[SourceQuality "1"]
[TimeControl "5400+30"]

1. d4 e6 2. c4 Nf6 3. Nc3 d5 4. Nf3 a6 5. cxd5 exd5 6. Bg5 Be7 7. e3 O-O 8. Bd3 Bg4 9. h3 Be6 10. O-O Nbd7 11. Qc2 h6 12. Bh4 c5 13. dxc5 Nxc5 14. Nd4 Rc8 15. Rfd1 Nfe4 16. Bxe7 Qxe7 17. Nxe4 dxe4 ({But not} 17... Nxe4 18. Qa4 $14) 18. Bc4 Bxh3 19. gxh3 Nd3 20. Qb3 Qg5+ 21. Kf1 Nc5 22. Qb4 b5 23. Be2 f5 24. Rac1 f4 25. Rxc5 Qxc5 26. Qxc5 Rxc5 27. Ne6 Rc2 28. Nxf8 f3 29. Bxf3 exf3 30. Nd7 Rxb2 31. Ne5 Rxa2 32. Nxf3 b4 33. Rb1 a5 34. Nd4 Kf7 35. Rc1 a4 36. Rb1 b3 37. Ke1 g5 38. Ne2 Rc2 39. Nd4 Ra2 40. Nc6 Rc2 41. Nb4 Rc4 42. Nd3 Rc3 43. Kd2 Rc2+ 44. Kd1 Rc3 45. Nc1 Rc2 46. Ne2 Ra2 47. Ke1 Rc2 48. Nd4 Ra2 49. Kf1 Kf6 50. Kg2 Rd2 51. Nxb3 axb3 52. Rxb3 h5 $1 53. Rb5 h4 54. Kf3 Rd1 55. Rb6+ Ke5 56. Kg4 Rg1+ 57. Kh5 Rg2 58. Rb5+ Kf6 ({Better is} 58... Ke4) 59. f4 gxf4 60. exf4 Rf2 61. Kg4 Kg6 62. Rb6+ Kg7 63. Rc6 ({And not} 63. Kxh4 Rxf4+ 64. Kg5 Rf3 $11) 63... Rf1 64. Kg5 Rf3 65. Rc7+ Kf8 {[%emt 0:00:00] [#]} (65... Kg8 $16) 66. Kg4 $1 ({Not} 66. Kxh4 Rxf4+ 67. Kg5 Rf7 $11) 66... Rf1 67. Rh7 Kg8 68. Rxh4 Kg7 69. Kg5 Rf3 70. Kf5 Ra3 71. Rh5 Ra5+ 72. Kg4 Ra1 73. Rb5 Rg1+ 74. Kf5 Rg3 75. h4 Rh3 76. Rb7+ Kh6 77. Kg4 Rh1 78. Rb6+ Kg7 79. Rb3 Kf6 80. Rb6+ Kg7 81. Kg5 Rg1+ 82. Kh5 Kf7 83. Rb5 Kf6 84. Rg5 Rf1 85. Rg4 Rh1 86. Rg8 Kf7 87. Rg3 Kf6 88. Kg4 Rh2 89. h5 Rh1 90. Rh3 Rg1+ 91. Kf3 Rf1+ 92. Ke3 Re1+ 93. Kf2 Re7 94. h6 Kg6 95. f5+ Kh7 96. Kf3 Re1 97. Kf4 Rf1+ 98. Kg5 Rg1+ 99. Kf6 Ra1 100. Re3 Rh1 101. Kf7 Ra1 102. f6 Ra6 103. Re6 Ra8 104. Re7 Kxh6 105. Re2 Ra7+ 106. Re7 Ra6 107. Rd7 Ra8 108. Ke6 Ra6+ 109. Rd6 Ra7 110. Rd2 Ra6+ 111. Kf7 Ra7+ $11 112. Ke8 Kg6 1/2-1/2

[Event "1000GM Schev-C January 2024"]
[Site "Sunnyvale"]
[Date "2024.01.21"]
[Round "2.5"]
[White "Zhuge, Katherine"]
[Black "Maass Garza R, Gustavo"]
[Result "0-1"]
[ECO "C88"]
[WhiteElo "1620"]
[BlackElo "2025"]
[Annotator "RC"]
[PlyCount "116"]
[EventDate "2024.01.20"]
[EventType "schev"]
[EventCountry "USA"]
[SourceTitle "playchess.com"]
[Source "ChessBase"]
[SourceQuality "1"]
[TimeControl "5400+30"]

1. e4 e5 2. Nf3 Nc6 3. Bb5 a6 4. Ba4 Nf6 5. O-O Be7 6. Re1 b5 7. Bb3 O-O 8. a4 Bb7 9. d3 d6 10. Nbd2 Na5 11. Ba2 c5 12. Nf1 Qc7 13. Ng3 Nc6 14. c3 Rab8 15. d4 cxd4 16. cxd4 Nb4 17. Bb3 bxa4 18. Bxa4 Bc6 19. Bxc6 Qxc6 20. dxe5 dxe5 21. Nxe5 Qe6 22. Nf3 Rfd8 23. Qe2 Rbc8 24. Rb1 Rc2 25. Bd2 Nd3 26. Red1 Ng4 27. Ne1 Nxe1 28. Qxe1 g6 29. h3 Ne5 30. Be3 Nd3 31. Qa5 Qf6 32. Qa4 Rxb2 33. Rxb2 Nxb2 34. Rxd8+ Bxd8 35. Qe8+ Kg7 36. Qd7 Bb6 37. e5 Qd8 38. e6 Qxd7 39. exd7 Bd8 40. Bd4+ Kf8 41. Bxb2 f5 42. Kf1 Kf7 43. Ke2 Ke6 44. Kd3 Kxd7 45. Kc4 Kc6 46. Ne2 Bb6 47. Nd4+ Kd6 48. f4 Ba5 49. Ba3+ Kd7 50. Kd5 Bd2 51. Ne6 a5 52. Bd6 Ke8 53. Kc6 h6 54. Kb5 Kd7 55. Bf8 Kxe6 56. Bxh6 Kd5 57. g4 Ke4 58. g5 Kxf4 0-1

[Event "1000GM Schev-C January 2024"]
[Site "Sunnyvale"]
[Date "2024.01.21"]
[Round "3.1"]
[White "Pulijala, Akshaj"]
[Black "Winslow, Elliott"]
[Result "1/2-1/2"]
[ECO "B09"]
[WhiteElo "1597"]
[BlackElo "1994"]
[Annotator "RC"]
[PlyCount "117"]
[EventDate "2024.01.20"]
[EventType "schev"]
[EventCountry "USA"]
[SourceTitle "playchess.com"]
[Source "ChessBase"]
[SourceQuality "1"]
[TimeControl "5400+30"]

1. d4 Nf6 2. Nc3 g6 3. e4 d6 4. f4 Bg7 5. Nf3 O-O 6. Bd3 Na6 7. a3 c5 8. d5 Nc7 9. a4 e6 10. dxe6 fxe6 11. O-O d5 12. e5 Nd7 13. b3 Qe7 14. g3 Rd8 15. Kg2 b6 16. Qe2 Bb7 17. Nd1 a6 18. c4 Nb8 19. cxd5 Nxd5 20. Bc4 Nc6 21. Kg1 Na5 22. Ne3 Nxe3 23. Bxe3 Nxc4 24. bxc4 Rab8 25. Rfb1 Qc7 26. Ng5 Qc6 27. Kf2 h6 28. Nf3 Rf8 29. Rg1 Rbd8 30. a5 b5 31. cxb5 axb5 32. Rac1 c4 33. Nd4 Qa6 34. Qg4 Rxd4 35. Bxd4 Kh7 36. Bb6 Bd5 37. Rgd1 Qb7 38. Qe2 g5 39. Qe3 gxf4 40. gxf4 Qe7 41. Ke2 Qh4 42. Rf1 b4 43. Rf2 Rf7 44. a6 c3 45. Qd3+ Kh8 46. a7 Ba8 47. Qg6 Qe7 48. Rd1 b3 49. Rd8+ Rf8 50. Rxf8+ Bxf8 51. Qd3 b2 52. Rf1 Qb7 53. Bd4 Qg2+ 54. Ke3 Bb4 55. Bxc3 Qh3+ 56. Ke2 Qxh2+ 57. Kd1 Bxc3 58. Qd8+ Kg7 59. Qe7+ 1/2-1/2

[Event "1000GM Schev-C January 2024"]
[Site "Sunnyvale"]
[Date "2024.01.21"]
[Round "3.2"]
[White "Qi, Jenny"]
[Black "Palao, Adriana"]
[Result "1/2-1/2"]
[ECO "C41"]
[WhiteElo "1605"]
[BlackElo "1978"]
[Annotator "RC"]
[PlyCount "101"]
[EventDate "2024.01.20"]
[EventType "schev"]
[EventCountry "USA"]
[SourceTitle "playchess.com"]
[Source "ChessBase"]
[SourceQuality "1"]
[TimeControl "5400+30"]

1. e4 e5 2. Nf3 d6 3. d4 Nd7 4. Nc3 c6 5. Be2 Ngf6 6. O-O Be7 7. h3 O-O 8. Be3 b5 9. a3 Qc7 10. d5 Bb7 11. Nh4 Nxe4 12. Nxe4 Bxh4 13. dxc6 Qxc6 14. Qxd6 Qxc2 15. Qxd7 Bxe4 16. Qg4 f5 17. Qxh4 Qxe2 18. Bc5 Rf6 19. f3 Bc6 20. Qf2 Qxf2+ 21. Rxf2 Kf7 22. Rd1 a6 23. Rd6 Rxd6 24. Bxd6 Ke6 25. Bb4 Rd8 26. Rd2 Rxd2 27. Bxd2 e4 28. fxe4 fxe4 29. Kf2 Kf5 30. Ke3 h5 31. Bc3 g5 32. Bb4 h4 33. Be7 Bd5 34. Bd8 Bc4 35. Be7 Bd3 36. Bd8 Kg6 37. Be7 Kh5 38. Bd8 g4 39. hxg4+ Kxg4 40. Bc7 Bc4 41. Kxe4 Bf1 42. Ke3 Bxg2 43. Kf2 h3 44. Kg1 Kf3 45. Be5 Ke4 46. Bh8 Kf4 47. Kh2 Kf3 48. Bg7 Kf4 49. Bh8 Kf3 50. Bg7 Kf4 51. Bh8 1/2-1/2

[Event "1000GM Schev-C January 2024"]
[Site "Sunnyvale"]
[Date "2024.01.21"]
[Round "3.3"]
[White "Vasquez Ramirez, Rocio"]
[Black "Yuan, Serena"]
[Result "0-1"]
[ECO "D37"]
[WhiteElo "1999"]
[BlackElo "1771"]
[Annotator "RC"]
[PlyCount "130"]
[EventDate "2024.01.20"]
[EventType "schev"]
[EventCountry "USA"]
[SourceTitle "playchess.com"]
[Source "ChessBase"]
[SourceQuality "1"]
[TimeControl "5400+30"]

1. d4 d5 2. c4 e6 3. Nc3 Nf6 4. e3 Be7 5. Nf3 O-O 6. Be2 dxc4 7. Bxc4 a6 8. a4 b6 9. O-O Bb7 10. Qe2 c5 11. Rd1 Qc7 12. b3 Rd8 13. Bb2 Nc6 14. d5 exd5 15. Nxd5 Nxd5 16. Bxd5 Na5 17. Be5 Qc8 18. Bxb7 Qxb7 19. Qb2 f6 20. Bc3 Nc6 21. Qc2 b5 22. Qe4 b4 23. Qe6+ Kh8 24. Bb2 Qc7 25. h4 Rd6 26. Qf7 Rf8 27. Qc4 Na5 28. Qc2 Rfd8 29. Rxd6 Qxd6 30. e4 Qd3 31. Qxd3 Rxd3 32. e5 Rxb3 33. exf6 Bxf6 34. Re1 Kg8 35. Bxf6 gxf6 36. Re6 c4 37. Rxa6 c3 38. Nd4 Rb1+ 39. Kh2 Nb3 40. Ra8+ Kf7 41. Ra7+ Kg6 42. Ne6 Kf5 43. Ng7+ Ke4 44. Re7+ Kd5 45. Rd7+ Kc6 46. Rd8 Nc5 47. Rc8+ Kb6 48. a5+ Kb5 49. Nf5 b3 50. a6 Nxa6 51. Rxc3 b2 52. Nd4+ Kb4 53. Rc6 Ra1 54. Nc2+ Kb5 55. Nd4+ Ka5 56. Nb3+ Kb4 57. Rb6+ Kc3 58. Nxa1 bxa1=Q 59. Rxf6 Kd3 60. Rf7 Qe5+ 61. f4 Qh5 62. Rd7+ Ke3 63. Re7+ Kf2 64. Kh3 Qf5+ 65. g4 Qd3+ 0-1

[Event "1000GM Schev-C January 2024"]
[Site "Sunnyvale"]
[Date "2024.01.21"]
[Round "3.4"]
[White "Maass Garza R, Gustavo"]
[Black "Yang, Maxwell"]
[Result "1/2-1/2"]
[ECO "B50"]
[WhiteElo "2025"]
[BlackElo "1946"]
[Annotator "RC"]
[PlyCount "83"]
[EventDate "2024.01.20"]
[EventType "schev"]
[EventCountry "USA"]
[SourceTitle "playchess.com"]
[Source "ChessBase"]
[SourceQuality "1"]
[TimeControl "5400+30"]

1. e4 c5 2. Nf3 d6 3. c3 Nf6 4. Bd3 Nc6 5. O-O g6 6. h3 Bg7 7. Bc2 O-O 8. d4 cxd4 9. Nxd4 Nxd4 10. cxd4 Qb6 11. Nc3 Be6 12. d5 Bd7 13. Rb1 a6 14. Be3 Qa5 15. Re1 b5 16. a3 Rfc8 17. Bd4 b4 18. axb4 Qxb4 19. Na2 Qc4 20. Bb3 Qb5 21. Nc3 Qb4 22. Na2 Qb7 23. Nc3 Rab8 24. Ba4 Bxa4 25. Qxa4 Qb4 26. b3 Qxa4 27. bxa4 Nd7 28. Rxb8 Nxb8 29. Bxg7 Kxg7 30. Re3 Rc4 31. f4 Nd7 32. Kf2 Nc5 33. Kf3 Nxa4 34. Nxa4 Rxa4 35. Rc3 a5 36. Rc7 Ra3+ 37. Kf2 Kf6 38. g4 h6 39. Rc6 Ra2+ 40. Ke3 Ra3+ 41. Kd4 Ra4+ 42. Ke3 1/2-1/2

[Event "1000GM Schev-C January 2024"]
[Site "Sunnyvale"]
[Date "2024.01.21"]
[Round "3.5"]
[White "Zhuge, Katherine"]
[Black "Palmero Martinez, Rachel"]
[Result "0-1"]
[ECO "C88"]
[WhiteElo "1620"]
[BlackElo "2018"]
[Annotator "RC"]
[PlyCount "80"]
[EventDate "2024.01.20"]
[EventType "schev"]
[EventCountry "USA"]
[SourceTitle "playchess.com"]
[Source "ChessBase"]
[SourceQuality "1"]
[TimeControl "5400+30"]

1. e4 e5 2. Nf3 Nc6 3. Bb5 a6 4. Ba4 Nf6 5. O-O Be7 6. Re1 b5 7. Bb3 O-O 8. a4 b4 9. d3 d6 10. Nbd2 Be6 11. Bxe6 fxe6 12. Nc4 Qe8 13. h3 Nh5 14. Be3 Qg6 15. Nh2 d5 16. exd5 exd5 17. Nd2 d4 18. Nc4 dxe3 19. Rxe3 Bc5 20. Re2 Nf4 21. Ng4 h5 22. Ncxe5 Nxe2+ 23. Qxe2 Nxe5 24. Qxe5 hxg4 25. Qxc5 gxh3 26. g3 Qf5 27. Qc4+ Qf7 28. Qc5 Qf3 29. Qc4+ Rf7 30. Qe4 Qxf2+ 31. Kh1 Raf8 32. a5 Qxg3 33. Rg1 Qf3+ 34. Qxf3 Rxf3 35. Kh2 Re8 36. d4 Re2+ 37. Kh1 Rff2 38. Rd1 Rh2+ 39. Kg1 Reg2+ 40. Kf1 Rh1# 0-1

[Event "1000GM Schev-C January 2024"]
[Site "Sunnyvale"]
[Date "2024.01.21"]
[Round "4.1"]
[White "Palao, Adriana"]
[Black "Pulijala, Akshaj"]
[Result "1-0"]
[ECO "B50"]
[WhiteElo "1978"]
[BlackElo "1597"]
[Annotator "RC"]
[PlyCount "139"]
[EventDate "2024.01.20"]
[EventType "schev"]
[EventCountry "USA"]
[SourceTitle "playchess.com"]
[Source "ChessBase"]
[SourceQuality "1"]
[TimeControl "5400+30"]

1. e4 c5 2. h3 Nc6 3. Nf3 d6 4. c3 Nf6 5. Bd3 g6 6. Bc2 Bg7 7. O-O O-O 8. d4 cxd4 9. cxd4 e5 10. d5 Ne7 11. Nc3 Ne8 12. Nh2 f5 13. exf5 Nxf5 14. Bxf5 Bxf5 15. Be3 Bf6 16. Ng4 Bg5 17. Nh6+ Kg7 18. Nxf5+ Rxf5 19. Qg4 Bf4 20. Qe2 Nc7 21. Rac1 Qd7 22. Qc4 Rf7 23. Ne4 Bxe3 24. fxe3 Rxf1+ 25. Rxf1 b5 26. Qd3 Rf8 27. Rc1 Ne8 28. Rc6 Qf5 29. Qc2 Qf1+ 30. Kh2 Nf6 31. Rxd6 Qe1 32. Nxf6 Rxf6 33. Rxf6 Kxf6 34. Qd3 a6 35. d6 Qa5 36. d7 Ke7 37. Qd5 Qc7 38. e4 Qxd7 39. Qxe5+ Kf7 40. Qf4+ Kg7 41. Qe5+ Kf7 42. Qd5+ Qxd5 43. exd5 Kf6 44. Kg3 Ke5 45. Kg4 h6 46. h4 Kxd5 47. h5 gxh5+ 48. Kxh5 Kc4 49. Kxh6 Kd3 50. g4 Kc2 51. b4 Kb2 52. g5 Kxa2 53. g6 Kb3 54. g7 Kxb4 55. g8=Q a5 56. Qa2 a4 57. Kg5 Kc3 58. Kf4 b4 59. Qxa4 b3 60. Ke3 b2 61. Qd1 Kb4 62. Qb1 Kc3 63. Ke2 Kb3 64. Kd3 Ka3 65. Kc3 Ka4 66. Qxb2 Ka5 67. Kc4 Ka6 68. Kc5 Ka7 69. Kc6 Ka8 70. Qb7# 1-0

[Event "1000GM Schev-C January 2024"]
[Site "Sunnyvale"]
[Date "2024.01.21"]
[Round "4.2"]
[White "Vasquez Ramirez, Rocio"]
[Black "Qi, Jenny"]
[Result "1/2-1/2"]
[ECO "B30"]
[WhiteElo "1999"]
[BlackElo "1605"]
[Annotator "RC"]
[PlyCount "132"]
[EventDate "2024.01.20"]
[EventType "schev"]
[EventCountry "USA"]
[SourceTitle "playchess.com"]
[Source "ChessBase"]
[SourceQuality "1"]
[TimeControl "5400+30"]

1. e4 c5 2. Nf3 d6 3. c4 e5 4. Nc3 Nc6 5. g3 g6 6. Bg2 Bg7 7. Nd5 Nge7 8. O-O O-O 9. d3 f5 10. a3 fxe4 11. dxe4 Nxd5 12. Qxd5+ Kh8 13. Ng5 Qe7 14. Bh3 Nd4 15. Kg2 Nb3 16. Bxc8 Raxc8 17. Be3 Nxa1 18. Rxa1 Bf6 19. h4 h6 20. Nf3 Bg7 21. h5 g5 22. Rd1 Rc6 23. b3 Qf7 24. Qxf7 Rxf7 25. g4 Rb6 26. b4 Ra6 27. bxc5 dxc5 28. Bxc5 Rc6 29. Rd5 b6 30. Bd6 Rxc4 31. Nxe5 Bxe5 32. Bxe5+ Kh7 33. Rd8 Rg7 34. Bxg7 Kxg7 35. Rd7+ Kg8 36. Rxa7 Rxe4 37. f3 Re3 38. Rb7 Rxa3 39. Rxb6 Kg7 40. Rb7+ Kg8 41. Re7 Ra6 42. Kf2 Rf6 43. Ke3 Kf8 44. Re5 Kg7 45. Re8 Kf7 46. Re4 Kg7 47. Re5 Ra6 48. Rd5 Rf6 49. Rd7+ Kg8 50. Re7 Ra6 51. Ke4 Rf6 52. Re5 Rf4+ 53. Ke3 Rf6 54. Rf5 Ra6 55. Re5 Rf6 56. Re4 Kg7 57. Re7+ Kg8 58. Re5 Kg7 59. Re4 Ra6 60. f4 Ra3+ 61. Kd4 gxf4 62. Rxf4 Ra4+ 63. Ke3 Ra3+ 64. Kf2 Ra2+ 65. Kg3 Ra3+ 66. Kh4 Ra5 1/2-1/2

[Event "1000GM Schev-C January 2024"]
[Site "Sunnyvale"]
[Date "2024.01.21"]
[Round "4.3"]
[White "Yuan, Serena"]
[Black "Maass Garza R, Gustavo"]
[Result "1/2-1/2"]
[ECO "E07"]
[WhiteElo "1771"]
[BlackElo "2025"]
[Annotator "RC"]
[PlyCount "148"]
[EventDate "2024.01.20"]
[EventType "schev"]
[EventCountry "USA"]
[SourceTitle "playchess.com"]
[Source "ChessBase"]
[SourceQuality "1"]
[TimeControl "5400+30"]

1. d4 Nf6 2. c4 e6 3. Nf3 Be7 4. g3 O-O 5. Bg2 d5 6. O-O Nbd7 7. Nbd2 c5 8. cxd5 exd5 9. dxc5 Nxc5 10. Nb3 Bf5 11. Be3 Ne6 12. Nh4 Be4 13. f3 Bg6 14. Nxg6 hxg6 15. Qd2 Qd7 16. Rfd1 Rfd8 17. Nd4 Rac8 18. Nxe6 Qxe6 19. Rac1 b6 20. Bd4 Ne8 21. Qe3 Bc5 22. Bxc5 bxc5 23. Qxe6 fxe6 24. Rd3 Nd6 25. b3 Rc7 26. Kf2 a5 27. f4 Kf7 28. e3 Ke7 29. Ke2 a4 30. Rdc3 axb3 31. axb3 Rdc8 32. Ra1 Rb8 33. Rac1 Rb5 34. Ra1 c4 35. Rac1 Ra7 36. bxc4 Rb2+ 37. R3c2 Raa2 38. Rxb2 Rxb2+ 39. Kf1 Nxc4 40. Re1 Kd6 41. Re2 Rb3 42. Kf2 e5 43. fxe5+ Nxe5 44. h3 Nd3+ 45. Kf3 Ke5 46. g4 Nf4 47. Re1 d4 48. Bf1 Nd5 49. Bc4 Rxe3+ 50. Rxe3+ Nxe3 51. Bd3 g5 52. Be4 Nd5 53. Bd3 Nf4 54. Bf1 g6 55. Bc4 Nxh3 56. Bd3 Nf4 57. Be4 Kd6 58. Bc2 Kd5 59. Bb3+ Ke5 60. Bc4 d3 61. Ke3 d2 62. Bb3 Ng2+ 63. Kf2 Nh4 64. Ke3 Ng2+ 65. Kf2 Nf4 66. Ke3 Nd5+ 67. Kxd2 Nf6 68. Ke3 Nxg4+ 69. Kf3 Nf6 70. Bc2 g4+ 71. Kg3 g5 72. Bd1 Ne4+ 73. Kxg4 Nf2+ 74. Kxg5 Kd6 1/2-1/2